Map: Bel'Shir Vestige LE (Void)

Players

Musumeci

  • Race: Zerg Zerg
  • League: Diamond
  • Spawn Location: 5:00

jogo - Winner!

  • Race: Protoss Protoss
  • Spawn Location: 11:00

VOD

Have the link to the VOD?

Description

Time

  • Played on: Jan. 28, 2017, 1:23 p.m.
  • Length: 11:44
Show
View Real Time Build Order
Export as new Build Order

Musumeci Zerg 

Build Orders: Hatch First 

Get SALT Encoding   

  12  0:05  Drone  
  13  0:11  Drone  
  14  0:17  Drone, Extractor  
  15  0:41  Hatchery  
  14  0:45  Drone, Extractor  
  15  1:02  Spawning Pool  
  15  1:12  Hatchery  
  14  1:28  Extractor  
  13  1:36  Overlord  
  13  1:48  Drone  
  13  1:49  Drone, Extractor  
  14  1:54  Queen  
  14  1:55  Drone  
  14  1:59  Drone  
  18  2:14  Drone  
  20  2:23  Zergling x2  
  20  2:28  Queen  
  20  2:29  Queen  
  23  2:35  Metabolic Boost  
  25  2:39  Zergling x2  
  26  2:53  Zergling x2  
  27  3:01  Drone  
  27  3:33  Overlord x2  
  27  3:45  Hatchery  
  27  3:46  Zergling x4  
  28  3:57  Overlord x2  
  28  3:58  Drone x6  
  34  4:05  Drone x2  
  36  4:15  Drone x2  
  38  4:17  Drone  
  39  4:24  Lair  
  39  4:29  Drone, Extractor  
  39  4:30  Drone, Extractor  
  39  4:32  Extractor  
  39  4:33  Drone  
  39  4:42  Drone x4  
  39  4:43  Drone  
  44  4:51  Overlord  
  44  4:53  Spore Crawler  
  44  4:56  Spore Crawler  
  42  5:00  Drone  
  43  5:09  Drone  
  43  5:10  Drone x2  
  43  5:11  Spore Crawler  
  43  5:12  Spore Crawler  
  44  5:18  Zergling x8  
  48  5:27  Overlord  
  48  5:33  Drone x3  
  48  5:34  Drone x3  
  53  5:42  Zergling x4  
  51  5:50  Spore Crawler  
  46  6:06  Drone x10  
  56  6:14  Drone x6  
  59  6:34  Spore Crawler  
  59  6:39  Overlord x4  
  51  7:02  Spore Crawler  
  48  7:08  Drone x3  
  48  7:09  Drone x12  
  48  7:10  Spore Crawler  
  61  7:25  Hatchery  
  60  7:34  Zergling x12  
  60  7:35  Zergling x2  
  60  7:36  Hatchery  
  65  7:50  Baneling Nest  
  64  7:51  Spore Crawler  
  64  7:55  Drone x8, Spore Crawler  
  66  7:58  Queen  
  66  8:03  Drone  
  66  8:04  Drone x3  
  66  8:12  Drone  
  67  8:13  Drone x3  
  70  8:20  Evolution Chamber  
  70  8:24  Zergling x6  
  70  8:25  Infestation Pit, Evolution Chamber  
  70  8:27  Overlord  
  70  8:39  Drone  
  66  9:01  Spore Crawler  
  65  9:04  Spore Crawler  
  65  9:05  Spore Crawler  
  65  9:06  Zergling x2, Spore Crawler  
  65  9:07  Zergling x16  
  69  9:16  Overlord  
  69  9:17  Overlord x2  
  69  9:24  Zerg Melee Weapons Level 1  
  69  9:25  Zerg Ground Armor Level 1  
  69  9:31  Hive  
  69  9:35  Drone  
  69  9:36  Drone x2  
  72  9:43  Drone x10  
  72  9:44  Drone x11  
  79  10:06  Baneling  
  79  10:07  Baneling x8  
  79  10:08  Zergling x30  
  94  10:17  Spore Crawler  
  94  10:18  Spore Crawler  
  94  10:19  Spore Crawler  
  91  10:31  Baneling x7  
  91  10:32  Baneling x14  
Show
View Real Time Build Order
Export as new Build Order

jogo Protoss - Winner!

Build Orders: 1 Gate Expand 

Get SALT Encoding   

  12  0:02  Probe (Chrono Boost)  
  13  0:13  Probe (Chrono Boost)  
  14  0:21  Pylon  
  14  0:23  Probe (Chrono Boost)  
  15  0:39  Probe (Chrono Boost)  
  15  0:42  Gateway  
  16  0:49  Probe (Chrono Boost)  
  17  0:50  Assimilator  
  17  1:00  Probe (Chrono Boost)  
  18  1:10  Probe (Chrono Boost)  
  19  1:26  Nexus  
  19  1:30  Probe (Chrono Boost)  
  20  1:37  Cybernetics Core  
  20  1:41  Probe (Chrono Boost)  
  21  1:48  Pylon  
  21  1:52  Probe (Chrono Boost)  
  22  2:03  Probe (Chrono Boost)  
  25  2:11  Adept  
  25  2:12  Assimilator  
  25  2:15  Probe (Chrono Boost)  
  26  2:16  Warp Gate  
  26  2:27  Probe (Chrono Boost)  
  27  2:39  Probe (Chrono Boost)  
  27  2:40  Assimilator  
  27  2:41  Mothership Core (Chrono Boost)  
  27  2:43  Stalker  
  30  2:47  Pylon  
  33  2:51  Probe (Chrono Boost)  
  33  2:59  Probe (Chrono Boost)  
  33  3:03  Probe (Chrono Boost)  
  35  3:10  Probe (Chrono Boost)  
  36  3:15  Probe (Chrono Boost)  
  36  3:16  Adept  
  39  3:20  Probe (Chrono Boost)  
  39  3:25  Probe (Chrono Boost)  
  41  3:31  Probe (Chrono Boost)  
  42  3:36  Probe (Chrono Boost)  
  42  3:39  Stargate  
  42  3:40  Stargate  
  43  3:43  Probe (Chrono Boost)  
  43  3:46  Probe (Chrono Boost)  
  45  3:55  Probe (Chrono Boost)  
  46  3:57  Probe (Chrono Boost)  
  46  4:02  Pylon  
  47  4:03  Pylon  
  47  4:05  Probe (Chrono Boost)  
  47  4:07  Probe (Chrono Boost)  
  47  4:08  Assimilator  
  49  4:20  Phoenix x2  
  49  4:21  Probe x2 (Chrono Boost)  
  55  4:31  Adept  
  55  4:33  Probe x2 (Chrono Boost)  
  55  4:37  Pylon  
  59  4:42  Phoenix x2  
  65  4:53  Probe x2 (Chrono Boost)  
  65  4:56  Robotics Facility  
  65  4:58  Forge  
  65  5:01  Adept  
  67  5:13  Probe x2 (Chrono Boost)  
  69  5:19  Nexus  
  69  5:22  Phoenix, Pylon  
  69  5:23  Phoenix, Pylon  
  73  5:42  Probe x2 (Chrono Boost)  
  75  5:44  Phoenix x2  
  79  6:01  Protoss Ground Weapons Level 1, Probe x2 (Chrono Boost)  
  81  6:05  Adept  
  81  6:06  Phoenix x2  
  87  6:11  Robotics Facility  
  87  6:13  Probe x2 (Chrono Boost)  
  87  6:16  Robotics Bay  
  91  6:25  Probe (Chrono Boost)  
  91  6:26  Probe (Chrono Boost)  
  91  6:36  Adept  
  91  6:38  Phoenix x2  
  93  6:45  Immortal  
  101  7:07  Probe (Chrono Boost)  
  104  7:09  Probe x2 (Chrono Boost)  
  104  7:10  Assimilator  
  104  7:12  Assimilator  
  104  7:13  Pylon  
  104  7:16  Pylon  
  104  7:17  Pylon  
  104  7:19  Probe (Chrono Boost)  
  104  7:20  Pylon  
  104  7:21  Pylon, Probe x2 (Chrono Boost)  
  107  7:23  Colossus  
  107  7:25  Twilight Council  
  107  7:26  Immortal  
  107  7:35  Adept  
  116  7:59  Extended Thermal Lance  
  116  8:00  Protoss Ground Weapons Level 2, Colossus  
  116  8:05  Adept  
  124  8:17  Gateway  
  124  8:19  Gateway  
  124  8:20  Gateway, Photon Cannon  
  124  8:21  Photon Cannon  
  124  8:23  Gateway x2  
  124  8:26  Photon Cannon  
  124  8:27  Gateway  
  124  8:28  Gateway  
  121  8:49  Adept  
  121  8:55  Charge  
  121  8:58  Colossus  
  121  9:04  Colossus  
  121  9:09  Nexus  
  133  9:13  Zealot  
  135  9:18  Forge  
  135  9:20  Pylon  
  135  9:21  Pylon  
  135  9:31  Adept x2  
  139  9:45  Colossus  
  139  9:51  Zealot x4  
  139  9:52  Zealot x2  
  157  9:58  Colossus  
  163  10:08  Adept  
  163  10:13  Dark Shrine  
  165  10:34  Immortal  
  159  10:52  Warp Prism  
  149  11:11  Observer  
Tags
 
Add a new tag
Caveats
  • Supply blocks, unpowered buildings, or Contaminate may cause inaccurate times.
  • Supply counts are checked every 10 seconds.